 Dungeon Crawl Stone Soup version 0.31-a0-232-gb1c03b2570 (webtiles) character file.

Game seed: 10173773225832632920

49 qw the Shooter (level 3, -1/21 HPs)
             Began as a Gargoyle Hexslinger on July 7, 2023.
             Slain by Grinder (5 damage)
             ... on level 3 of the Dungeon.
             The game lasted 00:00:31 (1699 turns).

qw the Shooter (Gargoyle Hexslinger)                Turns: 1699, Time: 00:00:32

Health: -1/21      AC: 11    Str: 11    XL:     3   Next: 77%
Magic:  0/4        EV: 12    Int: 13    God:
Gold:   70         SH:  0    Dex: 14    Spells: 3/4 levels left

rFire   . . .        Y - +2 sling
rCold   . . .        (no shield)
rNeg    + + .        c - +0 robe
rPois   inf          (no helmet)
rElec   +            j - +2 cloak
rCorr   .            e - +0 pair of gloves
SInv    .            d - +1 pair of boots
Will    .....        f - amulet of guardian spirit
Stlth   +            k - ring of positive energy
HPRegen 0.23/turn    (no ring)
MPRegen 0.09/turn

%: guardian spirit
@: no status effects
A: sickness immunity, AC +3, negative energy resistance 1, electricity
resistance, torment resistance 1, petrification resistance
a: no special abilities


You were on level 3 of the Dungeon.
You visited 1 branch of the dungeon, and saw 3 of its levels.

You collected 70 gold pieces.


Innate Abilities, Weirdness & Mutations

You are immune to sickness and miasma.
Your stone body is resilient. (AC +3)
You are immune to poison.
You resist negative energy. (rN+)
You are resistant to electric shocks. (rElec)
You are resistant to unholy torment.
You are immune to petrification.


   Skills:
 - Level 2.0 Fighting
 + Level 3.6 Ranged Weapons
 - Level 1.5 Dodging
 - Level 1.0 Spellcasting
 - Level 2.6 Hexes


You had 3 spell levels left.
You knew the following spells:

 Your Spells              Type           Power      Damage    Failure   Level
a - Slow                  Hex            28%        N/A       10%         1

Your spell library contained the following spells:

 Spells                   Type           Power      Damage    Failure   Level
 Inner Flame              Hex/Fire       4%         N/A       43%         3
 Portal Projectile        Hex/Tloc       8%         N/A       43%         3
 Cause Fear               Hex            3%         N/A       67%         4

Inventory:

Hand Weapons
 Y - a +2 sling (weapon)
Armour
 c - a +0 robe (worn)
 d - a +1 pair of boots (worn)
 e - a +0 pair of gloves (worn)
 j - a +2 cloak (worn)
Jewellery
 f - an amulet of guardian spirit (around neck)
 g - an amulet of regeneration
 k - a ring of positive energy (left hand)
Potions
 a - a potion of berserk rage {unknown}
 b - a potion of might {unknown}

Dungeon Overview and Level Annotations

Branches:
Dungeon (3/15)

Altars:

Annotations:
D:3 Grinder


Message History

You barely resist. Grinder closely misses you.
You shoot a sling bullet.
The sling bullet hits Grinder but does no damage.
Grinder is severely wounded.
Grinder hits you but does no damage.
You shoot a sling bullet. The sling bullet hits Grinder.
Grinder is almost dead.
Grinder hits you but does no damage.
You shoot a sling bullet.
The sling bullet closely misses Grinder.
Grinder hits you but does no damage.
You shoot a sling bullet.
The sling bullet closely misses Grinder.
Grinder closely misses you.
You shoot a sling bullet.
The sling bullet hits Grinder but does no damage.
Grinder is almost dead.
Grinder misses you. Grinder gestures at you.
You suddenly lose the ability to move!
Grinder hits you. Grinder hits you but does no damage. Grinder hits you!
Grinder hits you but does no damage.
You can move again.
You shoot a sling bullet. The sling bullet barely misses Grinder.
Grinder gestures at you.
You barely resist. You shoot a sling bullet.
The sling bullet closely misses Grinder.
Grinder barely misses you.
You shoot a sling bullet. The sling bullet barely misses Grinder.
Grinder blinks!
You shoot a sling bullet. The sling bullet hits Grinder.
Grinder is almost dead.
Grinder blinks!
You shoot a sling bullet. The sling bullet hits Grinder.
Grinder is almost dead.
Grinder hits you but does no damage. Grinder hits you.
You die...

### ..# #.# #.# #.#
#######<# ##+##
#.......## ##...##
#>####...#
##.$@..###.####.#.#
#...5...##.##...#...
#.........#....#####.#
+.....<...'......# .#
#.........#......# #
##.......####.#....#
##...ยค.## #.######
##...## #.# ..... #.#


You could see Grinder.

Vanquished Creatures
  An adder (D:2)
  2 worms (D:2)
  3 dart slugs (D:2)
  3 ball pythons
  4 endoplasms
  3 hobgoblins
  4 jackals (D:2)
  A quokka (D:1)
  A frilled lizard (D:3)
  3 goblins
  A kobold (D:1)
  A rat (D:1)
27 creatures vanquished.

Notes
Turn   | Place    | Note
-------+----------+-------------------------------------------
     0 | D:1      | qw the Gargoyle Hexslinger began the quest for the Orb.
     0 | D:1      | Reached XP level 1. HP: 12/12 MP: 2/2
     0 | D:1      | 0 ||| qw: Version: 0.3-a-46-gb1f654a
     0 | D:1      | 0 ||| qw: Game counter: 2530
     0 | D:1      | 0 ||| qw: Melee chars always use a shield: true
     0 | D:1      | 0 ||| qw: God list: Okawaru
     0 | D:1      | 0 ||| qw: Allow faded altars: false
     0 | D:1      | 0 ||| qw: Do Orc after clearing Dungeon:15 true
     0 | D:1      | 0 ||| qw: Do second Lair branch before Depths: true
     0 | D:1      | 0 ||| qw: Lair rune preference: random
     0 | D:1      | 0 ||| qw: Goals: Normal
     0 | D:1      | 0 ||| PLANNING D:1-11
   458 | D:1      | Reached XP level 2. HP: 16/16 MP: 3/3
   858 | D:1      | 858 ||| UPGRADING to +1 pair of boots.
   863 | D:1      | 863 ||| UPGRADING to +0 pair of gloves.
   868 | D:1      | 868 ||| UPGRADING to +2 cloak.
   873 | D:1      | 873 ||| UPGRADING to amulet of guardian spirit.
   878 | D:1      | 878 ||| UPGRADING to ring of positive energy.
   879 | D:1      | 879 ||| READING scroll labelled LIEQ QULATT.
   880 | D:1      | 880 ||| READING 2 scrolls labelled EMA JAPALL.
   881 | D:1      | 881 ||| READING scroll labelled UKHONO VUMU.
   882 | D:1      | 882 ||| READING scroll labelled UDIKKU DEIM.
   883 | D:1      | 883 ||| DROPPING scroll of poison.
   884 | D:1      | 884 ||| DROPPING scroll of amnesia.
  1061 | D:2      | Reached skill level 3 in Ranged Weapons
  1209 | D:2      | Reached XP level 3. HP: 21/21 MP: 4/4
  1271 | D:2      | Found a faded altar of an unknown god.
  1640 | D:3      | Noticed Grinder
  1644 | D:3      | Paralysed by Grinder for 2 turns
  1671 | D:3      | Paralysed by Grinder for 2 turns
  1676 | D:3      | Paralysed by Grinder for 2 turns
  1690 | D:3      | Paralysed by Grinder for 5 turns
  1693 | D:3      | HP: 2/21 [Grinder (8)]
  1699 | D:3      | Slain by Grinder

Levels and vault maps discovered:
D:1:      psy_arrival_heroes, layout_basic
D:2:      layout_loops_cross, ebering_ecumenical_altar_abandoned,
          minmay_crystal_room
D:3:      minmay_door_path, layout_loops_corners, minmay_door_square,
          uniq_crazy_yiuf_cottage, uniq_grinder

Skill      XL: |  1  2 |
---------------+-------+-----
Ranged Weapons | 3 |  3.6
Fighting       | 2 |  2.0
Dodging        | |  1.5
Spellcasting   | |  1.0
Hexes          | |  2.6

Action                     || total
---------------------------++-------
   Fire: Sling             ||   132
    Use: Scroll            ||     4
 Armour: Robe              ||    34
  Dodge: Dodged            ||    51

Table legend:
 A = Non-vault XP
 B = Vault XP
 C = Vault XP percentage of total XP
 D = Non-vault monster count
 E = Vault monster count
 F = Vault count percentage of total count
                 A         B        C        D         E       F
            +---------+---------+-------+---------+---------+-------
      Total |      71 |       0 |   0.0 |      27 |       0 |   0.0
            +---------+---------+-------+---------+---------+-------
        D:1 |      13 |       0 |   0.0 |       8 |       0 |   0.0
        D:2 |      54 |       0 |   0.0 |      16 |       0 |   0.0
        D:3 |       4 |       0 |   0.0 |       3 |       0 |   0.0
            +---------+---------+-------+---------+---------+-------
